 Dungeon Crawl Stone Soup version 0.29.1-2-gbd0b4ee654 (webtiles) character file.

Game seed: 10554080609546531373

7 qeuew the Caller (level 2, 13/13 HPs)
             Began as a Vine Stalker Summoner on Nov 11, 2022.
             Quit the game on level 1 of the Dungeon.
             The game lasted 00:00:58 (381 turns).

qeuew the Caller (Vine Stalker Summoner)             Turns: 381, Time: 00:00:59

Health: 13/13      AC:  2    Str: 10    XL:     2   Next: 0%
Magic:  6/6        EV: 12    Int: 15    God:
Gold:   41         SH:  0    Dex: 14    Spells: 4/5 levels left

rFire   . . .      SeeInvis .   f - +1 whip (elec)
rCold   . . .      Faith    .   (no shield)
rNeg    . . .      Spirit   +   a - +0 robe
rPois   .          Reflect  .   (no helmet)
rElec   .          Harm     .   (no cloak)
rCorr   .          Rampage  .   (no gloves)
Will    .....                   (no boots)
Stlth   ++........              (no amulet)
HPRegen 0.04/turn               (no ring)
MPRegen 0.10/turn               (no ring)

@: no status effects
A: fangs 2, magic shield, antimagic bite, no potion heal 2
a: no special abilities


You were on level 1 of the Dungeon.
You visited 1 branch of the dungeon, and saw 1 of its levels.

You collected 41 gold pieces.

Inventory:

Hand Weapons
 f - a +1 whip of electrocution (weapon)
Armour
 a - a +0 robe (worn)
Jewellery
 h - a +6 ring of intelligence
Scrolls
 c - a scroll of torment {unknown}
Potions
 b - a potion of magic
 d - a potion of resistance {unknown}
 e - a potion of heal wounds {unknown}
 g - a potion of ambrosia {unknown}


   Skills:
 + Level 0.1 Maces & Flails
 + Level 1.7 Dodging
 + Level 2.6 Stealth
 + Level 2.3 Spellcasting
 + Level 4.0 Summonings


You had 4 spell levels left.
You knew the following spells:

 Your Spells              Type           Power      Damage    Failure   Level
a - Summon Small Mammal   Summ           56%        N/A       4%          1

Your spell library contained the following spells:

 Spells                   Type           Power      Damage    Failure   Level
 Call Imp                 Summ           14%        N/A       6%          2
 Call Canine Familiar     Summ           14%        N/A       12%         3
 Summon Guardian Golem    Hex/Summ       7%         N/A       28%         3
 Animate Armour           Summ/Erth      14%        N/A       67%         4
 Summon Lightning Spire   Summ/Air       7%         N/A       67%         4
 Blade Hands              Tmut           0%         N/A       99%         5
 Fireball                 Conj/Fire      0%         3d3       99%         5
 Iron Shot                Conj/Erth      0%         9d1       100%        6
 Starburst                Conj/Fire      0%         6d3       100%        6
 Ignition                 Fire           0%         3d3       100%        8


Dungeon Overview and Level Annotations

Branches:
Dungeon (1/15)

Altars:
Okawaru


Innate Abilities, Weirdness & Mutations

You have extremely sharp teeth.
When hurt, damage is shared between your health and your magic reserves.
Your bite disrupts and absorbs the magic of your enemies.
Potions cannot restore your health.


Message History

A goblin is nearby!
You cannot coerce anything to answer your summons.
You cannot coerce anything to answer your summons.
You cannot coerce anything to answer your summons.
The goblin shouts!
You cannot coerce anything to answer your summons.
You cannot coerce anything to answer your summons.
Really renounce your faith, foregoing its fabulous benefits?
Are you sure?
You have lost your religion!
Okawaru does not appreciate desertion!
A rat comes into view.
Your bat disappears in a puff of smoke!
A bat comes into view.
The goblin misses you.
Your quokka disappears in a puff of smoke!
The bat completely misses you. The goblin barely misses you.
You hit the bat.
You kill the bat!
The goblin hits you with a +0 dagger.
You are out of magic!
You barely miss the goblin. Your bite misses the goblin.
The goblin completely misses you.
There are monsters nearby!
You hit the goblin.
You kill the goblin!
Your bat hits the rat. The rat bites your rat.
Your rat dies!
Your rat's corpse disappears in a puff of smoke!
A rat is nearby!
Your bat completely misses the rat.
The rat closely misses you.
You see here a bat corpse.
A rat is nearby!
You hit the rat.
You kill the rat!
You have reached level 2!
Your bat disappears in a puff of smoke!
You see here a rat corpse.
Found a stone staircase leading down.
Are you sure you want to abandon this character and quit the game? (Confirm with "yes".)

.>..... .....
..#..###### ..........
#..##.... ## #.......
...###...#... ...
.......@.##.# ....
.........##)# .....
.........##.## .....
.........††..# ......##
.............###...###..
...................+....
.............###...###..
...#####.....###...# #..
.## #......##...####.


There were no monsters in sight!

Vanquished Creatures
  A goblin (D:1)
  2 bats (D:1)
  A frilled lizard (D:1)
  A rat (D:1)
5 creatures vanquished.

Vanquished Creatures (collateral kills)
  A bat (D:1)
  A kobold (D:1)
  A rat (D:1)
3 creatures vanquished.

Grand Total: 8 creatures vanquished

Notes
Turn   | Place    | Note
-------+----------+-------------------------------------------
     0 | D:1      | qeuew the Vine Stalker Summoner began the quest for the
                  | Orb.
     0 | D:1      | Reached XP level 1. HP: 9/9 MP: 4/4
   188 | D:1      | Found a faded altar of an unknown god.
   209 | D:1      | Prayed at the altar of an unknown god.
   209 | D:1      | Became a worshipper of Warmaster Okawaru
   209 | D:1      | Reached * piety under Okawaru
   314 | D:1      | Fell from the grace of Okawaru
   324 | D:1      | Reached XP level 2. HP: 12/13 MP: 0/6
   381 | D:1      | Quit the game

Illustrated notes

Levels and vault maps discovered:
D:1:      wander_arrival_chamber, layout_basic,
          hellmonk_ecumenical_altar_run_dry, dk_noncrumbling_2

Action                   || total
-------------------------++-------
Melee: Whip              ||     5
       Unarmed           ||     2
       Bite              ||     1
 Cast: Summon Small Mamm ||    15
Invok: Renounce Religion ||     1
Armor: Robe              ||     2
Dodge: Dodged            ||    10
